 Dungeon Crawl Stone Soup version 0.31-a0-355-g57cb03d3e8 (webtiles) character file.

Game seed: 8612921919732731943

3454335 freelancePsychic the Merry Demigod (level 24, 226/226 HPs)
             Began as a Demigod Gladiator on July 21, 2023.
             Escaped with the Orb
             ... and 5 runes on July 24, 2023!
             The game lasted 01:38:47 (60950 turns).

freelancePsychic the Merry Demigod (DgGl)          Turns: 60950, Time: 01:38:48

Health: 226/226    AC: 25    Str: 26    XL:     24   Next: 84%
Magic:  35/35      EV: 53    Int: 12    God:
Gold:   1501       SH:  0    Dex: 53    Spells: 33/33 levels left

rFire   + + +        a - +27 heavy crossbow "Sniper" {heavy, Acc+∞ SInv}
rCold   + . .        (shield currently unavailable)
rNeg    . . .        K - +0 acid dragon scales
rPois   +            c - +2 helmet
rElec   .            v - +2 cloak
rCorr   +            T - +5 pair of gloves "Upsosom" {rPois Int+3 Dex+2}
SInv    +            e - +1 pair of boots of Suliqel {-Cast rF+ Will+++ Regen+}
Will    +++++        P - amulet "Ugehusch" {RegenMP Regen+ Str+6 Int-4 SInv}
Stlth   +++          k - ring "Susel" {Fly rF++ Str+2}
HPRegen 2.17/turn    o - ring of Eternal Night {*Slow rF+ rC+ Dex+6 Stlth+}
MPRegen 0.64/turn

%: no spellcasting, slow self (1%)
@: flying, studying 5 skills
A: high MP 1, forlorn, divine attributes, clever 1, screaming 1, strong 1
0: Orb of Zot
}: 5/15 runes: serpentine, barnacled, slimy, silver, abyssal
a: no special abilities


You escaped.
You visited 11 branches of the dungeon, and saw 53 of its levels.
You visited the Abyss 2 times.
You visited 1 bazaar.
You also visited: Trove.

You collected 7117 gold pieces.
You spent 5616 gold pieces at shops.

Inventory:

Hand Weapons
 a - the +27 heavy crossbow "Sniper" (weapon) {heavy, Acc+∞ SInv}
   (You bought it in a shop on level 2 of the Shoals)

   Acc+∞: It never misses its target.
   SInv:      It lets you see invisible.
 b - the +8 storm bow {elec, penet}
   (You found it on level 5 of the Pits of Slime)
Missiles
 g - 10 silver javelins
 w - 23 javelins
Armour
 c - a +2 helmet (worn)
 e - the +1 pair of boots of Suliqel (worn) {-Cast rF+ Will+++ Regen+}
   (You found it on level 4 of the Depths)

   rF:        It protects you from fire.
   -Cast:     It prevents spellcasting.
   Regen:     It increases your rate of health regeneration.
   Will:      It greatly increases your willpower.
 v - a +2 cloak (worn)
 K - +0 acid dragon scales (worn)
 T - the +5 pair of gloves "Upsosom" (worn) {rPois Int+3 Dex+2}
   (You found it on level 2 of the Depths)

   Int:       It affects your intelligence (+3).
   Dex:       It affects your dexterity (+2).
   rPois:     It protects you from poison.
Jewellery
 k - the ring "Susel" (left hand) {Fly rF++ Str+2}
   (You took it off a deep elf zephyrmancer on level 3 of the Elven Halls)

   [ring of flight]

   Str:       It affects your strength (+2).
   rF:        It greatly protects you from fire.
   Fly:       It grants you flight.
 o - the ring of Eternal Night (right hand) {*Slow rF+ rC+ Dex+6 Stlth+}
   (You found it on level 3 of the Elven Halls)

   [ring of dexterity]

   Dex:       It affects your dexterity (+6).
   rF:        It protects you from fire.
   rC:        It protects you from cold.
   *Slow:     It may slow you when you take damage.
   Stlth:     It makes you more stealthy.
 A - the ring "Jibugabb" {Wiz rN+ Will+ rCorr}
   (You found it on level 5 of the Pits of Slime)

   [ring of wizardry]

   It improves your spell success rate.
   rN:        It protects you from negative energy.
   rCorr:     It protects you from acid and corrosion.
   Will:      It increases your willpower.
 G - the ring of Wyazeov {rC+ Will- Dex+2 SInv}
   (You found it on level 5 of the Pits of Slime)

   [ring of see invisible]

   Dex:       It affects your dexterity (+2).
   rC:        It protects you from cold.
   SInv:      It lets you see invisible.
   Will:      It decreases your willpower.
 P - the amulet "Ugehusch" (around neck) {RegenMP Regen+ Str+6 Int-4 SInv}
   (You found it on level 2 of the Depths)

   [amulet of magic regeneration]

   It increases your rate of magic regeneration.
   Str:       It affects your strength (+6).
   Int:       It affects your intelligence (-4).
   SInv:      It lets you see invisible.
   Regen:     It increases your rate of health regeneration.
 Z - a ring of magical power
Wands
 d - a wand of paralysis (75)
 r - a wand of roots (22)
 x - a wand of digging (3)
 z - a wand of flame (84)
 L - a wand of polymorph (22)
 N - a wand of mindburst (3)
 V - a wand of acid (13)
Scrolls
 f - 8 scrolls of immolation
 j - 4 scrolls of amnesia
 n - 7 scrolls of fear
 q - 10 scrolls of teleportation {@r4}
 s - 11 scrolls of fog
 y - 8 scrolls of blinking
 C - 5 scrolls of revelation
 D - 3 scrolls of butterflies
 F - 2 scrolls of brand weapon
 J - 3 scrolls of enchant weapon
 Y - 8 scrolls of poison
Potions
 h - 5 potions of mutation
 i - a potion of berserk rage
 l - 25 potions of curing {@q1}
 m - 7 potions of attraction
 p - 2 potions of cancellation
 t - 5 potions of might
 u - 4 potions of ambrosia
 B - 7 potions of brilliance
 E - 7 potions of lignification
 I - 6 potions of resistance
 M - 8 potions of heal wounds {@q2}
 O - 5 potions of enlightenment
 R - 2 potions of invisibility
 S - 2 potions of haste {@q3}
 W - 4 potions of magic
Miscellaneous
 H - a lightning rod (4/4)
 Q - a phial of floods
 U - a tin of tremorstones (2/2)
 X - a phantom mirror


   Skills:
 + Level 20.8 Fighting
 - Level 2.7 Long Blades
 O Level 27 Ranged Weapons
 - Level 4.2 Throwing
 - Level 11.1 Armour
 + Level 20.9 Dodging
 - Level 15.2 Stealth
 - Level 5.0 Spellcasting
 - Level 15.0 Evocations
 - Level 1.4 Shapeshifting


You had 33 spell levels left.
You didn't know any spells.
Your spell library contained the following spells:

 Spells                   Type           Power      Damage    Failure   Level
 Apportation              Tloc           6%         N/A       22%         1
 Foxfire                  Conj/Fire      12%        2x1d4     22%         1
 Freeze                   Ice            12%        1d3       22%         1
 Magic Dart               Conj           12%        1d3       22%         1
 Necrotise                Necr           12%        1d4       22%         1
 Sandblast                Erth           6%         2d5       22%         1
 Slow                     Hex            12%        N/A       22%         1
 Sting                    Tmut/Pois      12%        1d3       22%         1
 Summon Small Mammal      Summ           12%        N/A       22%         1
 Cigotuvi's Dreadful Rot  Necr/Pois/Air  6%         N/A       34%         2
 Ensorcelled Hibernation  Hex/Ice        6%         N/A       34%         2
 Lesser Beckoning         Tloc           6%         N/A       34%         2
 Passwall                 Tmut/Erth      2%         N/A       34%         2
 Poisonous Vapours        Pois/Air       6%         N/A       34%         2
 Searing Ray              Conj           6%         2d4       34%         2
 Wereblood                Tmut           3%         N/A       34%         2
 Call Canine Familiar     Summ           3%         N/A       56%         3
 Confusing Touch          Hex            3%         N/A       56%         3
 Frozen Ramparts          Ice            6%         1d1       56%         3
 Gell's Gravitas          Tloc           3%         N/A       56%         3
 Hailstorm                Conj/Ice       3%         3d3       56%         3
 Ignite Poison            Fire/Tmut/Pois 3%         N/A       56%         3
 Inner Flame              Hex/Fire       3%         N/A       56%         3
 Mephitic Cloud           Conj/Pois/Air  3%         N/A       56%         3
 Ozocubu's Armour         Ice            3%         N/A       56%         3
 Portal Projectile        Hex/Tloc       6%         N/A       56%         3
 Summon Guardian Golem    Hex/Summ       3%         N/A       56%         3
 Teleport Other           Tloc           3%         N/A       56%         3
 Tukima's Dance           Hex            3%         N/A       56%         3
 Vampiric Draining        Necr           3%         2d6       56%         3
 Vhi's Electric Charge    Tloc/Air       6%         N/A       56%         3
 Volatile Blastmotes      Fire/Tloc      6%         2d10      56%         3
 Anguish                  Hex/Necr       1%         N/A       92%         4
 Cause Fear               Hex            1%         N/A       92%         4
 Flame Wave               Conj/Fire      3%         2d5       92%         4
 Fulminant Prism          Conj/Hex       1%         3d5       92%         4
 Iskenderun's Mystic Bla  Conj/Tloc      3%         2d3       92%         4
 Leda's Liquefaction      Hex/Erth       1%         N/A       92%         4
 Manifold Assault         Tloc           3%         N/A       92%         4
 Passage of Golubria      Tloc           3%         N/A       92%         4
 Petrify                  Tmut/Erth      3%         N/A       92%         4
 Sticky Flame             Conj/Fire      3%         2d3       92%         4
 Summon Ice Beast         Ice/Summ       3%         N/A       92%         4
 Summon Lightning Spire   Summ/Air       3%         N/A       92%         4
 Agony                    Necr           3%         N/A       99%         5
 Alistair's Intoxication  Tmut/Pois      2%         N/A       99%         5
 Fireball                 Conj/Fire      1%         3d3       99%         5
 Freezing Cloud           Conj/Ice/Air   1%         6-21      99%         5
 Irradiate                Conj/Tmut      1%         3d12      99%         5
 Iskenderun's Battlesphe  Conj           3%         2d6       99%         5
 Lee's Rapid Deconstruct  Erth           1%         3d4*      99%         5
 Metabolic Englaciation   Hex/Ice        1%         N/A       99%         5
 Silence                  Hex/Air        1%         N/A       99%         5
 Summon Forest            Summ/Tloc      1%         N/A       99%         5
 Summon Mana Viper        Hex/Summ       3%         N/A       99%         5
 Yara's Violent Unravell  Hex/Tmut       1%         3d3       99%         5
 Dispersal                Tloc           1%         N/A       100%        6
 Leda's Unmaking          Conj/Erth      1%         9d1       100%        6
 Plasma Beam              Fire/Air       1%         2x1d11    100%        6
 Simulacrum               Ice/Necr       1%         N/A       100%        6
 Starburst                Conj/Fire      1%         6d3       100%        6
 Summon Cactus Giant      Summ           1%         N/A       100%        6
 Haunt                    Necr/Summ      1%         N/A       100%        7
 Ozocubu's Refrigeration  Ice            1%         4d7       100%        7
 Spellforged Servitor     Conj/Summ      1%         N/A       100%        7
 Borgnjor's Revivificati  Necr           1%         N/A       100%        8
 Ignition                 Fire           1%         3d3       100%        8
 Lehudib's Crystal Spear  Conj/Erth      1%         10d2      100%        8
 Maxwell's Capacitive Co  Air            1%         ∞         100%        8
 Death's Door             Necr           1%         N/A       100%        9
 Dragon's Call            Summ           1%         N/A       100%        9


Dungeon Overview and Level Annotations

Branches:
Dungeon (15/15)            Temple (1/1) D:5            Lair (5/5) D:11
 Shoals (4/4) Lair:3        Snake (4/4) Lair:3        Slime (5/5) Lair:4
    Orc (2/2) D:11            Elf (3/3) Orc:2        Vaults (5/5) D:14
  Crypt (0/3) Vaults:3     Depths (4/4) D:15            Zot (5/5) Depths:4

Shops:
D:2 (   D:7 !   D:9 *   D:15 :   Orc:1 ?*   Orc:2 (*[=   Elf:1 :   Elf:3 ?
Shoals:2 (   Vaults:3 ?   Depths:1 :[*!   Depths:3 !!:   Depths:4 =:=

Portals:
Hell: Depths:1 Depths:2 Depths:3 Depths:4
Abyss: Depths:2 Depths:3 Depths:4
Pandemonium: Depths:2 Depths:4
Ziggurat: Depths:3

Annotations:
D:2 1 runed translucent door, Crazy Yiuf
D:9 exclusion: manticore
D:10 exclusion: moth of wrath
Lair:2 exclusions: lindwurm and rime drake
Lair:5 3 runed translucent doors, shadowrider38's ghost, journeyman OgSh
Shoals:4 Mlioglotl
Elf:1 Donald
Elf:3 Roxanne
Depths:3 1 transporter


Innate Abilities, Weirdness & Mutations

You have an increased reservoir of magic. (+10% MP)
You shall have no god before yourself.
Your divine heritage dramatically boosts your attributes as you level up.
Your mind is acute. (Int +4, Str/Dex -1)
You occasionally shout uncontrollably at your foes.
Your muscles are strong. (Str +4, Int/Dex -1)


Message History

Aim: Ziats, armed with a draining touch (100% to hit)
You shoot a bolt. The bolt hits Ziats!!!!
Ziats is severely wounded.
Ziats closely misses you. The red devil closely misses you.
An Orb Guardian comes into view.
You shoot a bolt. The bolt hits Ziats!!!!
You kill Ziats!
The red devil completely misses you.
An ice devil comes into view.
The red devil completely misses you.
You shoot a bolt. The bolt hits the ice devil!!!!
You kill the ice devil!
The red devil completely misses you. The Orb Guardian completely misses you.
The red devil closely misses you.
You shoot a bolt. The bolt hits the Orb Guardian!!!!
You kill the Orb Guardian!
The red devil completely misses you.
You shoot a bolt. The bolt hits the red devil!!!!!
You kill the red devil!
No target in view!
(D) Dungeon (T) Temple (L) Lair (A) Shoals (P) Snake Pit (M) Slime Pits (O) Orcish Mines (E) Elven Halls (V) Vaults (C) Crypt (U) Depths (H) Hell (Z) Zot
Where to? (Enter - D:1 @ (x,y), ? - help)
A glowing orange brain comes into view.
The glowing orange brain turns its attention towards you.
You shoot a bolt.
The bolt hits the glowing orange brain!!!!!
You kill the glowing orange brain!
(D) Dungeon (T) Temple (L) Lair (A) Shoals (P) Snake Pit (M) Slime Pits (O) Orcish Mines (E) Elven Halls (V) Vaults (C) Crypt (U) Depths (H) Hell (Z) Zot
Where to? (Enter - D:1 @ (x,y), ? - help)
There is an open door here.
There is an open door here.
You see here a +0 short sword.
There is a staircase leading out of the dungeon here.
You have escaped!

# ######...##.....#
###........##....##
....####.#.##..#..##### #.#.#
##.####.#.###...#
##..###..##....## ###.#
##.....##..#### #.# #########..##
#.# #..######.#.# #### ##.##
..#..#.##..####.@###.#.#####
..#........# #..###.###....#
#.####.#######.## ##.#.###.#
#.####...###...# ##.## #.#
#.#.####......## #### #.# ....#
###..##.## ##.###.#
...)####.#..###.#####...##.######
.......'.##.......##.............
#...####..##...##..##...##.######


There were no monsters in sight!

Vanquished Creatures
  the Royal Jelly (Slime:5)
  Dissolution (Slime:3)
  A dread lich (Zot:5)
  4 orbs of fire (Zot:5)
  7 ancient liches
  A juggernaut (Depths:2)
  Sojobo (Vaults:4)
  4 pandemonium lords
  Boris (twice) (Vaults:2 D:4)
  5 caustic shrikes (Depths:4)
  5 Killer Klowns (Zot:5)
  The ghost of Olanal the Impregnable, a veteran AtFi of Gozag (Depths:2)
  Vashnia (Snake:2)
  Frederick (Vaults:2)
  8 golden dragons
  A pearl dragon (Abyss:3)
  Nikola (Elf:2)
  3 doom hounds
  2 electric golems (Zot:5)
  A Tzitzimitl (D:12)
  A hellephant (Abyss:3)
  Rupert (Lair:4)
  A Brimstone Fiend (Zot:5)
  9 tentacled monstrosities
  Jorgrun (Shoals:2)
  A shard shrike skeleton (Abyss:3)
  28 Orb Guardians
  4 liches
  4 quicksilver dragons
  A walking divine tome (Depths:4)
  3 deep elf blademasters
  2 titans (Depths:4)
  2 deep elf master archers (Elf:3)
  31 acid blobs
  A walking frostbound tome (Depths:4)
  5 death cobs
  An Executioner (Depths:2)
  3 krakens
  3 tentacled starspawn (Abyss:3)
  5 sphinxes
  Grunn (Zot:4)
  Kirke (Lair:4)
  Aizul (Snake:1)
  Agnes (Snake:3)
  8 tengu reavers
  6 shadow dragons
  5 storm dragons
  3 draconian monks (Zot:5)
  7 rockslimes
  8 azure jellies
  Ilsuiw (Shoals:3)
  A draconian knight (Zot:5)
  9 nagarajas
  13 vault wardens
  10 frost giants
  4 balrugs
  4 fire giants
  4 deep elf sorcerers (Elf:3)
  A ghost moth (Abyss:3)
  4 spectral caustic shrikes (Depths:4)
  A draconian shifter (Zot:2)
  2 cacodemons
  2 spriggan defenders
  7 draconian scorchers
  An orc warlord (Orc:2)
  15 ironbound preservers
  3 deep elf elementalists (Elf:3)
  12 quicksilver oozes
  6 formless jellyfish
  2 draconian annihilators
  4 draconian stormcallers
  22 very ugly things
  2 reapers
  6 war gargoyles
  3 deep elf demonologists
  13 stone giants
  4 ironbound thunderhulks
  A vampire knight (Depths:4)
  Nessos (Lair:4)
  5 green draconians
  3 lorocyprocas
  8 deep elf annihilators
  Azrael (Elf:2)
  9 black draconians
  7 yellow draconians
  8 purple draconians
  9 white draconians
  A spark wasp (Depths:4)
  2 red draconians (Zot:5)
  11 dire elephants
  3 crystal guardians
  7 deep elf death magi (Elf:3)
  2 green deaths (Depths:1)
  4 ettins
  8 merfolk javelineers
  4 jiangshi
  9 fire dragons
  11 merfolk impalers
  2 entropy weavers
  13 great orbs of eyes
  7 ice dragons
  4 blizzard demons
  10 yaktaur captains
  5 deep elf high priests
  4 rakshasas
  31 vault guards
  11 hydras
  2 salamander tyrants (Snake:4)
  Erolcha (Orc:2)
  3 peacekeepers
  An alligator snapping turtle (Shoals:2)
  An ogre mage (D:14)
  5 ironbound frosthearts
  A hell beast (Depths:4)
  10 anacondas
  3 satyrs
  6 boulder beetles
  6 spriggan air magi
  6 merfolk aquamancers
  4 two-headed ogres
  12 centaur warriors
  2 merfolk avatars (Shoals:4)
  3 catoblepae
  7 deep troll earth magi
  2 deep troll shamans
  5 death yaks (Lair:5)
  19 naga warriors
  6 vampire magi
  22 naga sharpshooters
  5 tengu warriors
  23 dancing weapons
  2 orc high priests (Orc:2)
  A demonic crawler (Lair:4)
  3 thrashing horrors (Abyss:3)
  4 spriggan berserkers
  7 hell knights
  9 sun demons
  3 spriggans
  A titan skeleton (Abyss:3)
  4 soul eaters
  12 shock serpents
  17 deep elf knights
  4 wretched stars (Abyss:3)
  7 salamander mystics
  5 iron trolls
  8 skysharks
  A spatial maelstrom (Abyss:3)
  2 death drakes (shapeshifter)
  A fire crab (Lair:5)
  14 sea snakes
  3 sixfirhies
  5 skeletal warriors
  A flayed ghost (Depths:1)
  3 glowing orange brains
  7 naga ritualists
  A swamp dragon (Abyss:3)
  43 deep trolls
  12 deep elf archers
  16 harpies
  19 deep elf zephyrmancers
  3 phantasmal warriors
  6 wizards
  14 mana vipers
  12 ironbound convokers
  An obsidian statue (Depths:1)
  10 orc knights
  26 deep elf pyromancers
  2 necromancers
  6 lindwurms
  4 starcursed masses (Abyss:3)
  8 orc sorcerers
  A stone giant zombie (D:15)
  A cyclops (shapeshifter) (Depths:4)
  20 fauns
  7 cyclopes
  15 manticores
  43 ugly things
  8 shining eyes
  11 merfolk sirens
  3 worldbinders (Abyss:3)
  9 salamanders
  7 moths of wrath
  2 apocalypse crabs (Abyss:3)
  4 elephants (Lair:5)
  Joseph (Lair:1)
  2 molten gargoyles (Lair:5)
  7 water nymphs
  2 guardian serpents
  3 rust devils
  17 naga magi
  A torpor snail (D:11)
  2 eyes of devastation
  36 black mambas
  19 vault sentinels
  8 cane toads
  A gargoyle (D:12)
  3 smoke demons
  5 orange demons
  4 rime drakes
  24 yaktaurs
  A freezing wraith (Vaults:3)
  2 yaktaurs (shapeshifter)
  4 tormentors
  10 komodo dragons
  2 unseen horrors
  7 ice devils
  An ancient zyme (Abyss:3)
  A guardian mummy (D:15)
  5 tengu conjurers
  4 red devils
  A hellwing (D:13)
  3 trolls
  3 meliai (D:12)
  A polar bear (Lair:3)
  A tyrant leech (Lair:4)
  6 wind drakes
  5 hornets
  43 merfolk
  5 large abominations (Abyss:3)
  A raiju (Abyss:3)
  Grinder (D:4)
  7 snapping turtles
  A tarantella (Vaults:4)
  8 blink frogs (Lair:3)
  A blink frog (shapeshifter) (D:15)
  12 dream sheep
  2 spriggan zombies (D:15)
  Sigmund (D:3)
  3 air elementals
  A culicivora (shapeshifter) (Abyss:3)
  A shadow (D:11)
  A centaur simulacrum (Abyss:3)
  115 slime creatures
  15 water elementals
  6 wyverns
  7 wraiths
  6 ynoxinuls
  Eustachio (Temple)
  4 fire elementals (Elf:2)
  4 basilisks
  2 steam dragons (Lair:5)
  39 yaks
  A neqoxec (Depths:1)
  4 chaos spawn
  11 vampire mosquitoes
  3 hogs (Lair:4)
  A redback (shapeshifter) (D:13)
  12 wargs
  Menkaure (D:5)
  45 nagas
  2 spatial vortices (Abyss:3)
  7 small abominations
  3 acid dragons
  4 swamp worms (Lair:4)
  3 hell hounds (Lair:5)
  11 water moccasins
  A glowing shapeshifter skeleton (D:15)
  4 floating eyes
  25 orc warriors
  2 black bears
  2 sky beasts (D:7)
  6 ogres
  8 wolves
  5 boggarts
  10 centaurs
  8 bullfrogs
  3 kobold brigands
  3 scorpions
  2 earth elementals
  A gnoll sergeant (D:11)
  10 wights
  5 killer bees (D:8)
  A howler monkey (D:12)
  4 electric eels
  2 crimson imps (Depths:2)
  5 lava snakes (Lair:5)
  6 hounds
  An iron imp (D:15)
  3 jellies
  2 gnoll boudas
  17 orc priests
  Ijyb (D:3)
  5 iguanas
  3 sleepcaps
  17 orc wizards
  11 gnolls
  7 adders
  A shadow imp (D:6)
  2 white imps (Abyss:3)
  3 ufetubi
  2 worms
  3 dart slugs
  44 orcs
  9 endoplasms
  4 giant cockroaches
  2 goblins
  3 hobgoblins
  6 jackals
  20 kobolds
  6 quokkas
  6 ball pythons
  3 bats
  5 frilled lizards
  8 rats
  2 lurking horrors (Abyss:3)
  2 starspawn tentacles (Abyss:3)
  15 tentacles
2062 creatures vanquished.

Vanquished Creatures (collateral kills)
  An anaconda (Snake:4)
  2 black mambas (Snake:3)
3 creatures vanquished.

Vanquished Creatures (others)
  Josephine (Lair:4)
  A dancing weapon (Elf:2)
  An iron troll (Depths:4)
  A deep elf knight (Elf:2)
  A harpy (Shoals:4)
  A deep elf pyromancer (Elf:2)
  A slime creature (Slime:3)
  A human (Lair:4)
  A water moccasin (Lair:4)
  A boggart (Depths:2)
  A lurking horror (Abyss:3)
  3 starspawn tentacles (Abyss:3)
  30 tentacles
44 creatures vanquished.

Grand Total: 2109 creatures vanquished

Notes
Turn   | Place    | Note
-------+----------+-------------------------------------------
     0 | D:1      | freelancePsychic the Demigod Gladiator began the quest for
                  | the Orb.
     0 | D:1      | Reached XP level 1. HP: 17/17 MP: 3/3
   423 | D:1      | Reached skill level 1 in Ranged Weapons
   424 | D:1      | Reached XP level 2. HP: 22/24 MP: 4/4
  1221 | D:2      | Reached XP level 3. HP: 30/30 MP: 5/5
  1282 | D:2      | Reached skill level 2 in Ranged Weapons
  1676 | D:2      | Found a runed translucent door.
  1677 | D:2      | Noticed Crazy Yiuf
  1696 | D:2      | Found Zuhy's Antique Weapon Boutique.
  1995 | D:3      | Reached skill level 1 in Shapeshifting
  2003 | D:3      | Reached XP level 4. HP: 37/37 MP: 6/6
  2052 | D:3      | Noticed Ijyb
  2053 | D:3      | Paralysed by Ijyb for 3 turns
  2066 | D:3      | Paralysed by Ijyb for 2 turns
  2082 | D:3      | Paralysed by Ijyb for 4 turns
  2092 | D:3      | Killed Ijyb
  2093 | D:3      | Reached skill level 3 in Ranged Weapons
  2211 | D:3      | Reached XP level 5. HP: 44/44 MP: 7/7
  2220 | D:3      | Noticed Sigmund
  2388 | D:2      | Bought an orcbow for 101 gold pieces
  3160 | D:4      | Noticed an ogre
  3165 | D:4      | Killed an ogre
  3166 | D:4      | Reached skill level 4 in Ranged Weapons
  3166 | D:4      | Reached XP level 6. HP: 51/51 MP: 8/8
  3226 | D:4      | Noticed Grinder
  3239 | D:4      | Killed Grinder
  3240 | D:4      | Reached skill level 5 in Ranged Weapons
  3240 | D:4      | Reached XP level 7. HP: 41/59 MP: 9/9
  3721 | D:5      | Entered Level 5 of the Dungeon
  3832 | D:5      | Noticed Menkaure
  3838 | D:5      | Killed Menkaure
  3839 | D:5      | Reached skill level 6 in Ranged Weapons
  4108 | D:5      | Reached skill level 5 in Fighting
  4108 | D:5      | Reached skill level 1 in Stealth
  4208 | D:5      | Found a staircase to the Ecumenical Temple.
  4217 | D:5      | Noticed Eustachio
  4239 | Temple   | Entered the Ecumenical Temple
  4323 | Temple   | Killed Eustachio
  4324 | Temple   | Reached XP level 8. HP: 67/68 MP: 10/10
  4715 | D:5      | Reached skill level 7 in Ranged Weapons
  6110 | D:7      | Reached skill level 8 in Ranged Weapons
  6194 | D:7      | Noticed a hornet
  6198 | D:7      | Killed a hornet
  6199 | D:7      | Reached XP level 9. HP: 75/75 MP: 11/11
  6441 | D:7      | Found Riniy's Distillery.
  6445 | D:7      | Bought 2 potions of heal wounds for 120 gold pieces
  6445 | D:7      | Bought a potion of heal wounds for 60 gold pieces
  7018 | D:8      | Noticed a boulder beetle
  7042 | D:7      | Reached skill level 9 in Ranged Weapons
  7129 | D:8      | Identified a scroll of acquirement
  7133 | D:8      | Acquired the amulet "Xizxunt" {Spirit rPois rN+ SInv}
  7366 | D:8      | Reached skill level 5 in Dodging
  7725 | D:7      | HP: 3/79 [boulder beetle (9)]
  7726 | D:7      | Killed a boulder beetle
  7727 | D:7      | Reached skill level 10 in Ranged Weapons
  7727 | D:7      | Reached skill level 1 in Spellcasting
  7727 | D:7      | Reached XP level 10. HP: 29/86 MP: 0/15
  8103 | D:9      | Found Era Saus's General Store.
  8166 | D:9      | Noticed a manticore
  9223 | D:10     | Entered Level 10 of the Dungeon
  9242 | D:10     | Noticed a moth of wrath
  9627 | D:10     | Reached skill level 11 in Ranged Weapons
  9705 | D:10     | Found the sphere of Battle
 10081 | D:10     | Noticed a manticore
 10086 | D:10     | Killed a manticore
 10518 | D:11     | Noticed a cyclops
 10520 | D:11     | Killed a cyclops
 10559 | D:11     | Found a staircase to the Orcish Mines.
 10563 | D:11     | Reached XP level 11. HP: 84/95 MP: 17/20
 11023 | D:11     | Noticed a two-headed ogre
 11033 | D:11     | Killed a two-headed ogre
 11190 | D:11     | Reached skill level 12 in Ranged Weapons
 11344 | D:11     | Found a staircase to the Lair.
 11615 | Lair:1   | Entered Level 1 of the Lair of Beasts
 12033 | Lair:1   | Noticed Joseph
 12042 | Lair:1   | Killed Joseph
 12043 | Lair:1   | Reached skill level 5 in Spellcasting
 12689 | Lair:2   | Noticed a seven-headed hydra
 12702 | Lair:2   | Killed a seven-headed hydra
 13077 | Lair:2   | Reached skill level 13 in Ranged Weapons
 13631 | Lair:2   | Noticed a lindwurm
 13895 | Lair:2   | Noticed a catoblepas
 13899 | Lair:2   | Killed a catoblepas
 14198 | Lair:3   | Noticed a skyshark
 14201 | Lair:3   | Killed a skyshark
 14218 | Lair:3   | Reached skill level 10 in Fighting
 14227 | Lair:3   | Reached skill level 1 in Evocations
 14230 | Lair:3   | Reached XP level 12. HP: 76/106 MP: 16/23
 14374 | Lair:3   | Found a staircase to the Shoals.
 14585 | Lair:3   | Noticed a five-headed hydra
 14588 | Lair:3   | Killed a five-headed hydra
 14592 | Lair:3   | Found a staircase to the Snake Pit.
 14670 | Lair:3   | Reached skill level 14 in Ranged Weapons
 15189 | Lair:4   | Noticed Kirke
 15195 | Lair:4   | Killed Kirke
 15197 | Lair:4   | Noticed Josephine
 15201 | Lair:4   | Killed Josephine
 15226 | Lair:4   | Noticed a seven-headed hydra
 15234 | Lair:4   | Killed a seven-headed hydra
 15443 | Lair:4   | Identified the +4 war axe "Death Rattle" {heavy, rCorr}
 15523 | Lair:4   | Noticed a five-headed hydra
 15527 | Lair:4   | Killed a five-headed hydra
 15529 | Lair:4   | Found a staircase to the Slime Pits.
 15718 | Lair:4   | Noticed Nessos
 15747 | Lair:4   | Killed Nessos
 16357 | Lair:4   | Reached XP level 13. HP: 99/115 MP: 20/24
 16473 | Lair:4   | Noticed Rupert
 16482 | Lair:4   | Killed Rupert
 16483 | Lair:4   | Reached skill level 15 in Ranged Weapons
 17055 | Lair:5   | Entered Level 5 of the Lair of Beasts
 17170 | Lair:5   | Reached skill level 5 in Evocations
 17859 | Lair:5   | Found a runed translucent door.
 17938 | Lair:5   | Identified the +10 trident "Demigod's Regret" {heavy,
                  | Stlth+}
 17942 | Lair:5   | Noticed shadowrider38's ghost (journeyman OgSh)
 19024 | Lair:5   | Found a large runed translucent door.
 19025 | Lair:5   | Found a large runed translucent door.
 19143 | Lair:5   | Reached skill level 16 in Ranged Weapons
 19643 | D:12     | You fall into a shaft and drop 2 floors!
 20057 | D:12     | Reached XP level 14. HP: 125/125 MP: 25/25
 21533 | D:13     | Identified the +4 scale mail "Cicekhuo" {Rampage rN++ Will+
                  | Stlth-}
 21873 | D:13     | Found a portal to a secret trove of treasure.
 22377 | D:14     | Found a gate to the Vaults.
 22862 | D:15     | Entered Level 15 of the Dungeon
 22973 | D:15     | Reached skill level 17 in Ranged Weapons
 23037 | D:15     | Found a staircase to the Depths.
 23310 | D:15     | Identified the +0 pair of gloves of Ignis's Displeasure
                  | {Dex+2}
 23426 | D:15     | Found Emylig Duesm's Tremendous Tomes.
 23436 | D:15     | Upgraded the game from 0.31-a0-344-gd109795599 to
                  | 0.31-a0-355-g57cb03d3e8
 23712 | Orc:1    | Entered Level 1 of the Orcish Mines
 23833 | Orc:1    | Found Dockijiwk's Assorted Antiques.
 23943 | Orc:1    | Found Xiguic's Magic Scroll Emporium.
 24148 | Orc:1    | Paralysed by an orc sorcerer for 3 turns
 24219 | Orc:2    | Entered Level 2 of the Orcish Mines
 24248 | Orc:2    | Paralysed by an orc sorcerer for 3 turns
 24262 | Orc:2    | Noticed an orc warlord
 24276 | Orc:2    | Killed an orc warlord
 24716 | Orc:2    | Reached skill level 10 in Dodging
 24721 | Orc:2    | Found Capnim's Antique Armour Shoppe.
 24736 | Orc:2    | Noticed Erolcha
 24743 | Orc:2    | Killed Erolcha
 24747 | Orc:2    | Bought a pair of boots for 157 gold pieces
 24764 | Orc:2    | Found Baofat's General Store.
 24770 | Orc:2    | Found a staircase to the Elven Halls.
 25088 | Orc:2    | Found Ocwiukh's Jewellery Shoppe.
 25172 | Orc:2    | Found Fatexad's Antique Weapon Shop.
 25276 | Elf:1    | Entered Level 1 of the Elven Halls
 25282 | Elf:1    | Reached XP level 15. HP: 125/135 MP: 23/26
 25447 | Elf:1    | Found Riny's Book Emporium.
 25637 | Elf:1    | Noticed Donald
 25827 | Elf:1    | Reached skill level 18 in Ranged Weapons
 26297 | Elf:2    | Found a runed translucent gate.
 26303 | Elf:2    | Found a runed translucent gate.
 26304 | Elf:2    | Found a runed translucent gate.
 26477 | Elf:2    | Paralysed by an air elemental for 1 turns
 26481 | Elf:2    | Paralysed by an air elemental for 1 turns
 26675 | Elf:2    | Paralysed by an air elemental for 1 turns
 27687 | Snake:1  | Entered Level 1 of the Snake Pit
 28178 | Snake:1  | Noticed Aizul
 28186 | Snake:1  | Killed Aizul
 29452 | Snake:2  | Identified the +2 cloak of the Guild-Master {rF- Int+3
                  | Dex+2 SInv}
 29482 | Snake:2  | Noticed Vashnia
 29503 | Snake:2  | Reached XP level 16. HP: 74/147 MP: 17/27
 29725 | Snake:2  | Killed Vashnia
 29726 | Snake:2  | Reached skill level 19 in Ranged Weapons
 31159 | Snake:3  | Reached skill level 1 in Armour
 31501 | Snake:3  | Reached skill level 15 in Fighting
 31782 | Snake:3  | Noticed Agnes
 31798 | Snake:3  | Killed Agnes
 32061 | Snake:4  | Entered Level 4 of the Snake Pit
 32577 | Snake:4  | Got the Textbook on Gritty Anemomancy
 32626 | Snake:4  | Reached skill level 20 in Ranged Weapons
 32640 | Snake:4  | Reached skill level 5 in Armour
 33251 | Snake:4  | Reached XP level 17. HP: 94/156 MP: 20/28
 33942 | Snake:4  | Got a serpentine rune of Zot
 34206 | Shoals:1 | Entered Level 1 of the Shoals
 34644 | Shoals:1 | Reached skill level 10 in Armour
 35238 | Shoals:1 | HP: 7/156 [tentacle[a kraken] (15)]
 36251 | Shoals:2 | Found Leukh's Antique Weapon Shop.
 36703 | Shoals:2 | Noticed Jorgrun
 36709 | Shoals:2 | Killed Jorgrun
 36837 | Shoals:3 | Noticed Ilsuiw
 36855 | Shoals:3 | Killed Ilsuiw
 37422 | Shoals:3 | Acquired 721 gold pieces
 37511 | Shoals:2 | Bought the +27 heavy crossbow "Sniper" {heavy, Acc+∞ SInv}
                  | for 2720 gold pieces
 37511 | Shoals:2 | Found the +27 heavy crossbow "Sniper" {heavy, Acc+∞ SInv}
 38247 | Shoals:4 | Entered Level 4 of the Shoals
 38640 | Shoals:4 | Reached XP level 18. HP: 165/165 MP: 30/30
 38956 | Shoals:4 | Noticed Mlioglotl
 39797 | Shoals:4 | Got a barnacled rune of Zot
 40005 | Shoals:4 | Reached skill level 21 in Ranged Weapons
 40184 | Shoals:4 | Identified the +8 chain mail of Jigsaw {Str+2}
 40573 | Elf:2    | Noticed Azrael
 40582 | Elf:2    | Noticed Nikola
 40585 | Elf:2    | Killed Nikola
 40589 | Elf:2    | Killed Azrael
 41386 | Elf:3    | Entered Level 3 of the Elven Halls
 41520 | Elf:3    | Identified the +8 trident of Truncation {drain, *Corrode
                  | +Blink rF+++ rN+}
 41520 | Elf:3    | Identified the ring "Susel" {Fly rF++ Str+2}
 41614 | Elf:3    | Found the +9 scales of the Dragon King {rPois rF+ rC+
                  | Will+}
 41616 | Elf:3    | Noticed a Brimstone Fiend
 41616 | Elf:3    | Identified the ring "Seatt" {rCorr Dex+3}
 41619 | Elf:3    | Identified the ring of Hard Scrabble {Wiz rPois rF+ Will+
                  | Dex+3}
 41620 | Elf:3    | Identified the +8 short sword "Qigos Elie" {freeze, Drain
                  | Str+5 Dex+7}
 41751 | Elf:3    | Got Eshromuqy's Book of Cankerous Wanderlust
 41758 | Elf:3    | Identified the staff of Imminent Death {rPois rF+ Fire}
 41770 | Elf:3    | Identified the staff of the Stoat {+Blink rF+ MP+9 Fire}
 41782 | Elf:3    | Identified the ring of Eternal Night {*Slow rF+ rC+ Dex+6
                  | Stlth+}
 42042 | Elf:3    | Reached skill level 5 in Stealth
 42076 | Elf:3    | Reached XP level 19. HP: 174/174 MP: 31/31
 42107 | Elf:3    | Found Zeoruer's Magic Scroll Emporium.
 42116 | Elf:3    | Bought a scroll of enchant weapon for 112 gold pieces
 42116 | Elf:3    | Bought a scroll of enchant weapon for 112 gold pieces
 42116 | Elf:3    | Bought a scroll of enchant weapon for 112 gold pieces
 42119 | Elf:3    | Bought a scroll of fog for 60 gold pieces
 42119 | Elf:3    | Bought a scroll of revelation for 112 gold pieces
 42138 | Elf:3    | Noticed Roxanne
 42570 | Vaults:1 | Entered Level 1 of the Vaults
 42906 | Vaults:1 | Reached skill level 22 in Ranged Weapons
 42932 | Vaults:1 | Acquired a +1 pair of gloves of dexterity
 43391 | Vaults:1 | Identified the +8 orcbow of the Head {drain, rElec rN++
                  | MP-9 Dex+2}
 44075 | Vaults:2 | Noticed Frederick
 44079 | Vaults:2 | Killed Frederick
 44937 | Vaults:2 | Noticed Boris
 44939 | Vaults:2 | Killed Boris
 45003 | Vaults:2 | Identified the amulet "Foalaopp" {Spirit rN++}
 45423 | Vaults:3 | Paralysed by a great orb of eyes for 5 turns
 45842 | Vaults:3 | Identified the staff "Nusulext" {rPois rC+ Poison}
 45916 | Vaults:3 | Paralysed by a great orb of eyes for 5 turns
 45991 | Vaults:3 | Reached XP level 20. HP: 184/184 MP: 32/32
 45994 | Vaults:3 | Found a staircase to the Crypt.
 46256 | Vaults:3 | Reached skill level 23 in Ranged Weapons
 46374 | Vaults:3 | Reached skill level 15 in Dodging
 46672 | Vaults:3 | Found Ritetter's Magic Scroll Emporium.
 46675 | Vaults:3 | Bought a scroll of enchant armour for 97 gold pieces
 46748 | Vaults:4 | Noticed Sojobo
 46752 | Vaults:4 | Paralysed by an air elemental for 1 turns
 46754 | Vaults:4 | Killed Sojobo
 47067 | Vaults:4 | Found a flickering gateway to a bazaar.
 47092 | Bazaar   | Entered a bazaar
 47196 | Bazaar   | Found Igaeq's Antique Armour Boutique.
 47202 | Bazaar   | Bought the +3 pair of mountain boots {steadfast, rC+} for
                  | 469 gold pieces
 47202 | Bazaar   | Bought a pair of fading gloves for 133 gold pieces
 47202 | Bazaar   | Identified the +4 pair of gloves "Xiarisch" {rPois Str+3
                  | Int+3 Dex-2} (You bought it in a shop in a bazaar)
 47202 | Bazaar   | Found the +3 pair of mountain boots {steadfast, rC+}
 47232 | Bazaar   | Found Pim Ynith's Antique Armour Emporium.
 47253 | Bazaar   | Found Jonileez's Jewellery Boutique.
 47273 | Bazaar   | Found Puedu's Magic Scroll Shoppe.
 47279 | Bazaar   | Bought a scroll of blinking for 142 gold pieces
 47621 | Vaults:4 | Noticed a dread lich
 47922 | Vaults:4 | Noticed a golden dragon
 47930 | Vaults:4 | Killed a golden dragon
 48412 | Depths:1 | Entered Level 1 of the Depths
 48421 | Depths:1 | Found Yrchopemn's Distillery.
 48421 | Depths:1 | Found Tehoff's Book Shop.
 48422 | Depths:1 | Found Vimaw's General Store.
 48426 | Depths:1 | Bought a potion of invisibility for 96 gold pieces
 48426 | Depths:1 | Found Jineur's Antique Armour Shop.
 48429 | Depths:1 | Bought a potion of haste for 200 gold pieces
 48429 | Depths:1 | Bought a potion of haste for 200 gold pieces
 48429 | Depths:1 | Bought a potion of heal wounds for 100 gold pieces
 48778 | Depths:1 | Found a gateway to Hell.
 48820 | Depths:1 | Identified the +0 chain mail of Savib {rElec rPois}
 49619 | Depths:2 | Found a one-way gate to the infinite horrors of the Abyss.
 49665 | Depths:2 | Found a runed translucent gate.
 49665 | Depths:2 | Found a runed translucent gate.
 49665 | Depths:2 | Found a runed translucent gate.
 49666 | Depths:2 | Noticed Olanal's ghost (veteran AtFi)
 49726 | Depths:2 | Identified the +8 whip "Newtslayer" {freeze, +Blink rElec}
 49925 | Depths:2 | Reached skill level 24 in Ranged Weapons
 49929 | Depths:2 | Found a one-way gate leading to the halls of Pandemonium.
 49933 | Depths:2 | Reached XP level 21. HP: 194/194 MP: 33/33
 50494 | Depths:2 | Identified the +0 troll leather armour of Mumblety Peg
                  | {Harm rC+ Regen+ MP+9 Str+2}
 50552 | Depths:2 | Identified the +5 scale mail of Quiet Fog {rF+}
 50589 | Depths:2 | Noticed a juggernaut
 50592 | Depths:2 | Killed a juggernaut
 50741 | Depths:2 | Identified the +0 robe "Obodoh" {rF+ Will- Str+4}
 50874 | Depths:2 | Identified the +0 leather armour "Jisasa" {Harm Fly rF+
                  | rC++ Stlth-}
 50953 | Depths:2 | Killed Olanal's ghost
 51037 | Depths:2 | Identified the +5 pair of gloves "Upsosom" {rPois Int+3
                  | Dex+2}
 51050 | Depths:2 | Identified the amulet "Ugehusch" {RegenMP Regen+ Str+6
                  | Int-4 SInv}
 51199 | D:13     | You paid a toll of 2 scrolls of acquirement to enter a
                  | treasure trove
 51200 | Trove    | Entered a treasure trove
 51257 | Trove    | Got Sif Muna's Thoughts on Turbulence and Glamour
 51260 | Trove    | Got Sif Muna's Secrets of Lithomancy and the Oath
 51428 | Depths:3 | Found a one-way gateway to a ziggurat.
 51465 | Depths:3 | Paralysed by a floating eye for 4 turns
 51466 | Depths:3 | Reached skill level 10 in Evocations
 51650 | Depths:3 | Noticed a juggernaut
 51695 | Depths:3 | Found a transporter.
 51761 | Depths:3 | Found Quqeo's Book Shoppe.
 51761 | Depths:3 | Found Heanlasa's Distillery.
 51765 | Depths:3 | Found Maahusup's Distillery.
 51772 | Depths:3 | Bought a potion of heal wounds for 75 gold pieces
 51772 | Depths:3 | Bought a potion of heal wounds for 75 gold pieces
 51772 | Depths:3 | Bought a potion of heal wounds for 75 gold pieces
 51775 | Depths:3 | Paralysed by a floating eye for 3 turns
 51778 | Depths:3 | Bought a potion of heal wounds for 90 gold pieces
 51778 | Depths:3 | Bought a potion of heal wounds for 90 gold pieces
 51778 | Depths:3 | Bought a potion of curing for 54 gold pieces
 51778 | Depths:3 | Bought a potion of curing for 54 gold pieces
 51966 | Depths:4 | Entered Level 4 of the Depths
 52324 | Depths:4 | Found a runed translucent door.
 52331 | Depths:4 | Noticed a caustic shrike
 52364 | Depths:4 | Noticed a caustic shrike
 52365 | Depths:4 | Noticed a caustic shrike
 52370 | Depths:4 | Killed a caustic shrike
 52370 | Depths:4 | Noticed a caustic shrike
 52371 | Depths:4 | Killed a caustic shrike
 52373 | Depths:4 | Killed a caustic shrike
 52518 | Depths:4 | Noticed a caustic shrike
 52520 | Depths:4 | Killed a caustic shrike
 52586 | Depths:4 | Found a gate to the Realm of Zot.
 52631 | Depths:4 | Reached skill level 25 in Ranged Weapons
 52639 | Depths:4 | Noticed a golden dragon
 52641 | Depths:4 | Killed a golden dragon
 52701 | Depths:4 | Reached XP level 22. HP: 204/204 MP: 34/34
 52936 | Depths:4 | Found Petiwal's Jewellery Shop.
 52936 | Depths:4 | Found Izasecko's Book Shoppe.
 52937 | Depths:4 | Found Mevit's Jewellery Shop.
 53220 | Depths:4 | Killed a caustic shrike
 53426 | Depths:4 | Identified the +1 pair of boots of Suliqel {-Cast rF+
                  | Will+++ Regen+}
 53887 | Depths:2 | Voluntarily entered the Abyss.
 54405 | Depths:2 | Escaped the Abyss
 54407 | Depths:2 | Voluntarily entered the Abyss.
 54575 | Abyss:3  | Got an abyssal rune of Zot
 54583 | Depths:2 | Escaped the Abyss
 54895 | Slime:1  | Entered Level 1 of the Pits of Slime
 55664 | Slime:3  | Noticed Dissolution
 56062 | Slime:3  | Killed Dissolution
 56333 | Slime:4  | Gained mutation: You do not regenerate when monsters are
                  | visible. [a shining eye]
 56822 | Slime:5  | Entered Level 5 of the Pits of Slime
 56924 | Slime:5  | Noticed the Royal Jelly
 56929 | Slime:5  | Killed the Royal Jelly
 57002 | Slime:5  | Identified the ring "Jibugabb" {Wiz rN+ Will+ rCorr}
 57024 | Slime:5  | Identified the +3 great sword of Noon {speed, rElec Str+2
                  | SInv}
 57026 | Slime:5  | Got a slimy rune of Zot
 57032 | Slime:5  | Identified the staff "Zixtaskaxt" {rElec rF+ rC+ MP-9 Int+3
                  | Ice}
 57041 | Slime:5  | Got Osicrani's Quarto of Cold and Metamorphosis
 57045 | Slime:5  | Reached skill level 26 in Ranged Weapons
 57055 | Slime:5  | Gained mutation: You are weak. (Str -2) [a shining eye]
 57059 | Slime:5  | Reached XP level 23. HP: 182/214 MP: 35/35
 57078 | Slime:5  | Identified the +6 triple sword of the Crafting Gods {spect,
                  | rPois rN+ Dex-2 Stlth+}
 57108 | Slime:5  | Found the +8 storm bow {elec, penet}
 57123 | Slime:5  | Identified the +4 orcbow of Reinforcement {drain, rElec
                  | rF++ rC+ Dex-3}
 57159 | Slime:5  | Got the Incunable of Fetid Vicissitude
 57174 | Slime:5  | Identified the ring of Wyazeov {rC+ Will- Dex+2 SInv}
 57193 | Slime:5  | Gained mutation: You occasionally lose the ability to drink
                  | potions when taking damage. [a shining eye]
 57338 | Lair:4   | Lost mutation: You occasionally lose the ability to drink
                  | potions when taking damage. [potion of mutation]
 57338 | Lair:4   | Lost mutation: You do not regenerate when monsters are
                  | visible. [potion of mutation]
 57338 | Lair:4   | Gained mutation: You have large cloven feet. [potion of
                  | mutation]
 57338 | Lair:4   | Gained mutation: You are frail. (-10% HP) [potion of
                  | mutation]
 57339 | Lair:4   | Lost mutation: You are weak. (Str -2) [potion of mutation]
 57339 | Lair:4   | Lost mutation: You are frail. (-10% HP) [potion of
                  | mutation]
 57339 | Lair:4   | Lost mutation: You have large cloven feet. [potion of
                  | mutation]
 57339 | Lair:4   | Gained mutation: Your mind is acute. (Int +4, Str/Dex -1)
                  | [potion of mutation]
 57339 | Lair:4   | Gained mutation: Your muscles are strong. (Str +4, Int/Dex
                  | -1) [potion of mutation]
 57678 | Vaults:5 | Entered Level 5 of the Vaults
 57801 | Vaults:5 | Noticed an ancient lich
 57802 | Vaults:5 | Killed an ancient lich
 57805 | Vaults:5 | Noticed an ancient lich
 57822 | Vaults:5 | Killed an ancient lich
 57883 | Vaults:5 | Reached skill level 15 in Evocations
 57940 | Vaults:5 | Identified the +0 ring mail "Yboxal" {rPois}
 57955 | Vaults:5 | Got a silver rune of Zot
 57966 | Vaults:5 | Identified the +8 plate armour of Syndicalism {+Blink rC+}
 58276 | Zot:1    | Entered Level 1 of the Realm of Zot
 58523 | Zot:4    | Noticed Grunn
 58554 | Zot:4    | Reached skill level 27 in Ranged Weapons
 58564 | Zot:4    | Killed Grunn
 58715 | Zot:5    | Entered Level 5 of the Realm of Zot
 58945 | Zot:5    | Noticed a Killer Klown
 58953 | Zot:5    | Noticed an orb of fire
 58954 | Zot:5    | Killed a Killer Klown
 58958 | Zot:5    | Gained mutation: You occasionally shout uncontrollably at
                  | your foes. [an orb of fire]
 58960 | Zot:5    | Killed an orb of fire
 58964 | Zot:5    | Reached XP level 24. HP: 211/224 MP: 35/35
 58970 | Zot:5    | Noticed an orb of fire
 58973 | Zot:5    | Noticed an ancient lich
 58974 | Zot:5    | Killed an orb of fire
 58976 | Zot:5    | Noticed an orb of fire
 58977 | Zot:5    | Killed an ancient lich
 58980 | Zot:5    | Noticed an orb of fire
 58981 | Zot:5    | Killed an orb of fire
 58981 | Zot:5    | Noticed a Killer Klown
 58983 | Zot:5    | Noticed an ancient lich
 58991 | Zot:5    | Killed a Killer Klown
 58995 | Zot:5    | Killed an orb of fire
 58995 | Zot:5    | Killed an ancient lich
 58996 | Zot:5    | Noticed a Killer Klown
 58999 | Zot:5    | Noticed an ancient lich
 59003 | Zot:5    | Killed a Killer Klown
 59005 | Zot:5    | Noticed a dread lich
 59007 | Zot:5    | Noticed an ancient lich
 59011 | Zot:5    | Killed an ancient lich
 59011 | Zot:5    | Noticed a Killer Klown
 59012 | Zot:5    | Killed a dread lich
 59013 | Zot:5    | Reached skill level 10 in Stealth
 59014 | Zot:5    | Noticed a Killer Klown
 59015 | Zot:5    | Killed an ancient lich
 59027 | Zot:5    | Killed a Killer Klown
 59034 | Zot:5    | Killed a Killer Klown
 59489 | Zot:5    | Noticed an ancient lich
 59491 | Zot:5    | Killed an ancient lich
 60173 | Zot:5    | Got the Orb of Zot
 60181 | Zot:5    | Noticed Suubien the pandemonium lord
 60194 | Zot:5    | Killed Suubien the pandemonium lord
 60395 | Depths:4 | Noticed Digisuo the pandemonium lord
 60402 | Depths:4 | Killed Digisuo the pandemonium lord
 60778 | D:4      | Noticed Epax Ura the pandemonium lord
 60780 | D:4      | Killed Epax Ura the pandemonium lord
 60785 | D:4      | Reached skill level 15 in Stealth
 60788 | D:4      | Noticed Boris
 60788 | D:4      | Killed Boris
 60835 | D:3      | Killed Sigmund
 60876 | D:1      | Noticed Ziats the pandemonium lord
 60879 | D:1      | Killed Ziats the pandemonium lord
 60950 | D:$      | Escaped with the Orb!

Illustrated notes

Levels and vault maps discovered:
D:1:      lemuel_arrival_tunnels, layout_loops_corners
D:2:      layout_loops_ring, serial_shops, nicolae_shop_pleasant_corner_grove,
          uniq_crazy_yiuf_cottage
D:3:      layout_loops_ring, kiku_gazebo_garden_becter, uniq_ijyb, uniq_sigmund
D:4:      layout_gridville, grunt_decor_arrowhead, uniq_grinder
D:5:      layout_gridville, minmay_temple_entry_stoned_glass, uniq_menkaure,
          uniq_eustachio
D:6:      layout_rooms, mainiacjoe_overflow_surrounded_room,
          grunt_temple_overflow_open, minmay_increasing_density
D:7:      layout_basic, serial_shops, shop, david_defended_altar_orc
D:8:      layout_rooms, elyvilon_altar_5
D:9:      layout_long_grid, lemuel_tele_altar, serial_shops,
          nicolae_shop_rolling_square, chequers_serial_rivers_micro_d
D:10:     layout_irregular_city, tgw_trog, mainiacjoe_overflow_alcove_4,
          hellmonk_guarded_unrand_sphere_of_battle
D:11:     layout_stronghold, lair_entry_dummy, minmay_orc_entry_guard_dogs,
          kennysheep_another_room
D:12:     layout_roguey
D:13:     layout_basic, enter_trove_5, minmay_liquid_box,
          minmay_misc_feat_pillars
D:14:     layout_basic, david_vaults_2, evilmike_ruin_ashenzari
D:15:     gammafunk_depths_entry_grave, layout_basic, hangedman_decor_lopped,
          nicolae_shop_i_like_big_books, slow_altar_1
Temple:   zaba_magenta_temple
Lair:1:   layout_cave_pods, uniq_joseph
Lair:2:   layout_loops_ring, dreamdust_gnoll_shepherd, lemuel_fruit_tree
Lair:3:   layout_small_grid, nicolae_shoals_entry_roost,
          guppyfry_snake_entry_island, patterned_corridor,
          infiniplex_staircase_pool
Lair:4:   layout_long_grid, minmay_slime_entry_eyes, worms_lemuel, uniq_kirke,
          uniq_nessos, uniq_josephine, uniq_rupert
Lair:5:   cheibrodos_lair_end_hotspot, layout_gridlike,
          ebering_ghost_funeral_grove
Shoals:1: nicolae_shoals_lighthouse, layout_shoals
Shoals:2: layout_shoals, serial_shops, nicolae_shop_tiny_waterfront,
          uniq_jorgrun
Shoals:3: layout_shoals, uniq_ilsuiw
Shoals:4: shoals_end_hangedman, layout_shoals, nicolae_shoals_isolated_beach,
          uniq_mlioglotl, uniq_louise
Snake:1:  layout_cave_shapes, hangedman_corner_corridor, uniq_aizul
Snake:2:  layout_onion_interference, serial_bayou_shore_b, uniq_vashnia
Snake:3:  cheibrodos_forgotten_conduit, layout_rooms, basic_altar, uniq_agnes
Snake:4:  snake_pit, layout_gridlike, serial_bayou_ford_a
Slime:1:  layout_caves, nicolae_slime_phagocytosis
Slime:2:  layout_caves
Slime:3:  layout_caves, basic_altar, uniq_dissolution
Slime:4:  layout_caves, cheibrodos_slime_lost_civilization_7
Slime:5:  slime_pit_nicolae_amoeboid
Orc:1:    layout_diamond_mine, guppyfry_orc_lava_fort
Orc:2:    grunt_orc_gardens, layout_caves, grunt_orc_garden, grunt_orc_garden,
          grunt_orc_garden, grunt_orc_garden, abandoned_shop, uniq_erolcha
Elf:1:    minmay_elf_arrival_plus, layout_loops_cross, serial_shops,
          nicolae_shop_waterfront, eino_tiny_chamber, dk_noncrumbling_2,
          corner_web_ring, uniq_donald
Elf:2:    nicolae_elf_blades_splatter_lattice
          [nicolae_blade_entry_diamond_columns], layout_geoelf_diagonals,
          uniq_azrael, uniq_nikola
Elf:3:    grunt_elf_hall_spiral, layout_geoelf_octagon, serial_shops,
          nicolae_shop_behind_doors, uniq_roxanne
Vaults:1: nicolae_vaults_heart-shaped_vault, nicolae_vaults_double_plus_2,
          nicolae_vaults_diamond_2, v_alt_pattern_6, vaults_mumra_hexcomb,
          grunt_vaults_hallway_short, nicolae_vaults_closet_pinwheel_5,
          v_rooms_3, vaults_room_pool, layout_vaults_omnigrid
Vaults:2: v_alt_pattern_6, nicolae_vaults_little_ls,
          ontoclasm_vaults_misaligned, nicolae_vaults_two_Ls,
          nicolae_vaults_network_square, vaults_room_door_hall,
          nicolae_vaults_three_branches, nicolae_vaults_diamond_2,
          vaults_room_hangedman_quadrants, nicolae_vaults_cornered_office,
          nicolae_vaults_offset_grid_hallway_2, v_misc_1,
          nicolae_vaults_little_squares_3, grunt_vaults_hallway_long,
          v_alt_pattern_1, layout_vaults_maze, uniq_boris, uniq_frederick
Vaults:3: grunt_vaults_hallway_short, v_misc_17,
          nicolae_vaults_tangent_ellipses, nicolae_vaults_border_crossing,
          nicolae_vaults_shelves_hall, hangedman_vaults_nodes,
          ontoclasm_vaults_ligature, v_pattern_2, grunt_vaults_hallway_short,
          vaults_room_fours, nicolae_vaults_tetromino_Z_1, vaults_dpeg_ring,
          nicolae_vaults_diamond_1, layout_vaults_omnibox,
          minmay_crypt_entry_simple_box, serial_shops, nicolae_shop_behind_doors
Vaults:4: nicolae_vaults_specimen_jars, nicolae_vaults_little_squares_1,
          nicolae_vaults_ellipses_ellipsis, st_more_cells,
          vaults_room_door_hall, v_pattern_1, vaults_room_fours,
          layout_vaults_big_room, serial_shops, bzr_entry_islet, uniq_sojobo
Vaults:5: uniq_xtahua
Depths:1: layout_gridlike, grunt_hell_entry_demonic_statue, st_stairs_5,
          kennysheep_boxes, minmay_shoptagon, firewood_loft
Depths:2: minmay_mutant_horseshoe, layout_basic, grunt_hell_entry_dis_grunt,
          gammafunk_ghost_tricky_traps, abyss_entry, grunt_pan_entry_sceptre,
          minmay_fire_ice_demons, infiniplex_staircase_zigzag_2
Depths:3: emtedronai_trogs_sanctum, layout_cave_pools, enter_ziggurat_f,
          hell_entry, abyss_entry_flame_altar, kennysheep_nondescript,
          grunt_dithmenos_smoke, minmay_shop_star
Depths:4: grunt_twist_and_shout, layout_honeycomb, rand_demon_pan_entry_3,
          yredelemnul_altar_generic, abyss_entry_crystal,
          pf_hell_entry_tar_river, minmay_st_funbox, onia_ninara_cookie,
          minmay_shop_grove
Zot:1:    layout_misc_corridors
Zot:2:    layout_onion_interference, hangedman_zot_wheel_spokes,
          st_large_dragon_hoard_2
Zot:3:    layout_gridlike
Zot:4:    layout_basic, uniq_grunn
Zot:5:    layout_misc_corridors

Skill      XL: |  1  2  3  4  5  6  7  8  9 10 11 12 13 14 15 16 17 18 19 20 21 22 23 24 |
---------------+-------------------------------------------------------------------------+-----
Fighting       | 2 3 4 5 6 7 8 10 11 13 14 15 16 17 18 19 20 | 20.8
Ranged Weapons | 1 2 3 4 5 6 8 10 11 13 14 16 17 18 20 21 22 24 25 26 27 | 27.0
Shapeshifting  | 1 |  1.4
Stealth        | 1 3 5 7 15 | 15.2
Dodging        | 3 5 6 8 10 12 13 14 15 16 17 19 20 | 20.9
Spellcasting   | 1 4 5 |  5.0
Evocations     | 1 4 6 7 9 11 14 15 | 15.0
Armour         | 7 11 | 11.1
Throwing       | 4 |  4.2
Long Blades    | |  2.7

Action                     |  1- 3 |  4- 6 |  7- 9 | 10-12 | 13-15 | 16-18 | 19-21 | 22-24 || total
---------------------------+-------+-------+-------+-------+-------+-------+-------+-------++-------
  Melee: Long sword        |    14 |     3 |       |       |       |       |       |       ||    17
         Punch             |     1 |       |       |       |       |       |       |       ||     1
   Fire: Sling             |   155 |    33 |       |       |       |       |       |       ||   188
         Orcbow            |       |    74 |   235 |       |       |       |       |       ||   309
         Arbalest          |       |       |   172 |   490 |   879 |   373 |       |       ||  1914
         Longbow           |       |       |       |       |   221 |   592 |       |   191 ||  1004
         Heavy crossbow    |       |       |       |       |       |   220 |   730 |   620 ||  1570
  Throw: Javelin           |       |     7 |       |       |       |       |       |       ||     7
         Throwing net      |       |     4 |     3 |       |       |       |       |       ||     7
Ability: Begin Untransform |       |       |     1 |       |       |       |       |       ||     1
  Evoke: Wand              |       |       |     4 |     1 |     2 |     8 |       |     3 ||    18
         Lightning rod     |       |       |       |     5 |    12 |    13 |     7 |       ||    37
         Phantom mirror    |       |       |       |       |     1 |     3 |       |       ||     4
         Phial of floods   |       |       |       |       |     3 |     5 |       |       ||     8
         Tin of tremorston |       |       |       |       |       |       |     6 |     2 ||     8
    Use: Scroll            |     7 |     5 |     8 |    13 |    11 |    23 |     9 |     8 ||    84
         Potion            |       |     1 |     2 |     2 |     3 |     4 |       |     8 ||    20
 Armour: Leather armour    |    53 |    19 |    74 |     4 |       |       |       |       ||   150
         Acid dragon scale |       |       |       |    82 |    79 |    90 |    67 |    93 ||   411
  Dodge: Dodged            |    92 |    52 |   204 |   264 |   513 |   770 |   642 |   888 ||  3425
   Form: Beast             |     1 |       |       |       |       |       |       |       ||     1

Table legend: (Time is in decaauts)
 A = Elapsed time spent in this place.
 B = Non-inter-level travel time spent in this place.
 C = Inter-level travel time spent in this place.
 D = Time resting spent in this place.
 E = Time spent auto-exploring this place.
 F = Levels seen in this place.
 G = Mean time per level.
                   A        B        C        D        E       F      G
               +--------+--------+--------+--------+--------+-----+--------+
         Total |  63140 |  55895 |   7245 |   2209 |  43326 |  59 | 1070.2 |
       Dungeon |  17471 |  15354 |   2117 |    378 |  12483 |  15 | 1164.7 |
        Temple |     85 |     83 |      2 |     75 |      2 |   1 |   85.0 |
          Lair |   9512 |   8158 |   1354 |      5 |   7112 |   5 | 1902.4 |
        Shoals |   5982 |   5069 |    913 |    398 |   3829 |   4 | 1495.5 |
     Snake Pit |   6443 |   6037 |    406 |    419 |   4511 |   4 | 1610.8 |
    Slime Pits |   2052 |   1837 |    215 |     78 |   1171 |   5 |  410.4 |
  Orcish Mines |   1779 |   1628 |    151 |    207 |   1085 |   2 |  889.5 |
   Elven Halls |   4148 |   3899 |    249 |    182 |   3026 |   3 | 1382.7 |
        Vaults |   6728 |   5945 |    783 |    140 |   4600 |   5 | 1345.6 |
        Depths |   5698 |   4990 |    708 |      9 |   3917 |   4 | 1424.5 |
           Zot |   2169 |   1824 |    345 |    300 |    949 |   5 |  433.8 |
         Abyss |    769 |    769 |      0 |     16 |    455 |   4 |  192.2 |
        Bazaar |    217 |    217 |      0 |      0 |    184 |   1 |  217.0 |
         Trove |     80 |     80 |      0 |      0 |      0 |   1 |   80.0 |
               +--------+--------+--------+--------+--------+-----+--------+

Top non-repeatable levels by time:
  Lair:5: 2390 daAuts
  Lair:4: 2196 daAuts
   Elf:2: 2193 daAuts
Shoals:3: 2110 daAuts
Depths:2: 2088 daAuts
 Snake:4: 2072 daAuts
  Lair:3: 1947 daAuts
 Snake:1: 1897 daAuts
Vaults:3: 1787 daAuts
  Lair:2: 1786 daAuts
Depths:4: 1776 daAuts
Vaults:1: 1658 daAuts
Vaults:2: 1647 daAuts
    D:13: 1572 daAuts
   Zot:5: 1537 daAuts
